 Dungeon Crawl Stone Soup version 0.27.0 (webtiles) character file.

Game seed: 2697534080055493496

11 shoop the Sneak (level 2, -2/25 HPs)
             Began as a Djinni Delver on July 31, 2021.
             Was an Initiate of Yredelemnul.
             Slain by a scorpion (5 damage)
             ... on level 4 of the Dungeon.
             The game lasted 00:06:08 (758 turns).

shoop the Sneak (Djinni Delver)                      Turns: 758, Time: 00:06:09

Health: -2/25      AC:  3    Str: 11    XL:     2   Next: 35%
Gold:   38         EV: 12    Int: 11    God:    Yredelemnul [......] SH:  0 Dex: 14

rFire    + + .     SeeInvis .   a - +0 falchion
rCold    x . .     Faith    .   (no shield)
rNeg     . . .     Spirit   .   b - +0 leather armour
rPois    ∞         Reflect  .   (no helmet)
rElec    .         Harm     .   (no cloak)
rCorr    .         Rampage  .   (no gloves)
Will     .....                  (boots unavailable)
Stlth    ++........             (no amulet)
HPRegen  0.08/turn              (no ring)
MPRegen  0.00/turn              (no ring)

@: flying
A: sickness immunity, fire resistance 2, cold vulnerability 1, float, innate
caster, hp casting, extra vitality 1
a: Renounce Religion


You were on level 4 of the Dungeon.
You worshipped Yredelemnul.
Yredelemnul was noncommittal.
You visited 2 branches of the dungeon, and saw 4 of its levels.

You collected 38 gold pieces.

Inventory:

Hand Weapons
 a - a +0 falchion (weapon)
Armour
 b - a +0 leather armour (worn)
Wands
 g - a wand of digging (3)
 h - a wand of iceblast (5)
Scrolls
 c - a scroll of fog
 d - a scroll of magic mapping
 j - a scroll of enchant armour {unknown}
 k - a scroll of teleportation {unknown}
 m - a scroll of holy word {unknown}
Potions
 f - 2 potions of haste
 i - a potion of lignification {unknown}
 l - 2 potions of degeneration {unknown}


   Skills:
 - Level 3.0 Fighting
 + Level 2.3 Long Blades
 - Level 2.1 Dodging
 - Level 4.1 Stealth
 - Level 1.0 Evocations


You had one spell level left.
You didn't know any spells.
Your spell library was empty.

Dungeon Overview and Level Annotations

Branches:
Dungeon (6/15)             Temple (1/1) D:6

Altars:
Fedhas
Gozag
Hepliaklqana
Kikubaaqudgha
Nemelex Xobeh
Ru
Sif Muna
Wu Jian
Yredelemnul

Shops:
D:5 (

Annotations:
D:5 exclusions: jelly, phantom, scorpion and water moccasin
D:6 exclusions: bullfrog, ogre and phantom


Innate Abilities, Weirdness & Mutations

You are immune to sickness and miasma.
You are immune to poison.
Your flesh is very heat resistant. (rF++)
You are vulnerable to cold. (rC-)
You float through the air rather than walking.
You learn spells naturally, not from books.
Your magical power is your life essence.
You have superior vitality. (+4 HP)


Message History

The scorpion is lightly wounded.
You closely miss the scorpion.
The scorpion is lightly wounded.
The scorpion completely misses you.
You riposte.
You closely miss the scorpion.
The scorpion is lightly wounded.
The scorpion barely misses you.
You hit the scorpion but do no damage.
The scorpion is lightly wounded.
The scorpion stings you but does no damage.
You hit the scorpion but do no damage.
The scorpion is lightly wounded.
The scorpion stings you.
You hit the scorpion.
The scorpion is moderately wounded.
The scorpion barely misses you.
The scorpion stings you but does no damage.
You barely miss the scorpion.
The scorpion is moderately wounded.
The scorpion stings you.
You hit the scorpion.
The scorpion is moderately wounded.
The scorpion barely misses you. The scorpion closely misses you.
You barely miss the scorpion.
The scorpion is moderately wounded.
The scorpion closely misses you.
You hit the scorpion but do no damage.
The scorpion is moderately wounded.
The scorpion closely misses you.
You barely miss the scorpion.
The scorpion is moderately wounded.
The scorpion stings you. The scorpion closely misses you.
You hit the scorpion.
The scorpion is moderately wounded.
The scorpion stings you.
* * * LOW HITPOINT WARNING * * *
You barely miss the scorpion.
The scorpion is moderately wounded.
The scorpion stings you.
You die...
Your body rises from the dead as a mindless zombie.

#.# ### ### #>#
#.. ..# ..# #.#
#.# #.# #.# #.#
#.####.####.###
.>##..........####
.......####......#
.###.### ######.#
.# #.######## #@#
.###...........s.#
......############
.####.# .# #.#
.####.# .#....#
.#.#########
.#.......:.#


You could see a scorpion.

Vanquished Creatures
  5 orcs (D:4)
  A kobold (D:4)
6 creatures vanquished.

Notes
Turn   | Place    | Note
-------+----------+-------------------------------------------
     0 | D:5      | shoop the Djinni Delver began the quest for the Orb.
     0 | D:5      | Reached XP level 1. HP: 20/20 MP: 0/0
    67 | D:5      | Found Xuschud's Weapon Boutique.
    72 | D:5      | Noticed a scorpion
    87 | D:4      | Noticed an ogre
   125 | D:5      | Noticed a jelly
   132 | D:5      | Noticed a water moccasin
   164 | D:5      | Noticed a phantom
   303 | D:6      | Found a staircase to the Ecumenical Temple.
   310 | Temple   | Entered the Ecumenical Temple
   364 | Temple   | Became a worshipper of Yredelemnul the Dark
   392 | D:6      | Noticed a bullfrog
   421 | D:6      | Noticed a phantom
   426 | D:6      | Noticed an ogre
   460 | D:6      | Noticed an ogre
   464 | D:6      | Noticed an iguana
   546 | D:4      | Reached skill level 1 in Evocations
   546 | D:4      | Reached XP level 2. HP: 25/25 MP: 0/0
   712 | D:4      | Noticed an ogre
   743 | D:4      | Noticed a scorpion
   758 | D:4      | Slain by a scorpion

Illustrated notes

Levels and vault maps discovered:
D:4:      layout_loops_ring, tso_altar, st_stairs_11, chequers_decorated_corner,
          minmay_misc_feat_plants
D:5:      layout_basic, old_standard_altar, mainiacjoe_overflow_boulevard,
          serial_shops, nicolae_stop_n_shop_1, uniq_blork_the_orc
D:6:      layout_cave_pools, xom_redecorated, minmay_temple_entry_gardened_gates
Temple:   dpeg_three_leaves_temple

Skill      XL: |  1 |
---------------+----+-----
Long Blades    | 2 |  2.3
Evocations     | 1 |  1.0
Fighting       | |  3.0
Dodging        | |  2.1
Stealth        | |  4.1

Action                   || total
-------------------------++-------
Melee: Falchion          ||    38
  Use: Potion            ||     1
       Scroll            ||     1
Armor: Leather armour    ||     4
Dodge: Dodged            ||    22
       Rpst.: Falchion   ||     7
